 Dungeon Crawl Stone Soup version 0.26-a0-969-g2c58977ddd (webtiles) character file.

Game seed: 5761899678272919764

553 Descartes the Destroyer (level 7, -1/36 HPs)
             Began as a Deep Elf Conjurer on Dec 4, 2020.
             Killed by divine providence
             ... invoked by an orc priest
              (11 damage)
             ... on level 4 of the Dungeon.
             The game lasted 00:08:31 (4885 turns).

Descartes the Destroyer (Deep Elf Conjurer)         Turns: 4885, Time: 00:08:32

Health: -1/36      AC:  5    Str:  4    XL:     7   Next: 8%
Magic:  13/15      EV: 13    Int: 31    God:
Gold:   240        SH:  0    Dex: 13    Spells: 6/14 levels left

rFire    . . .     SeeInvis .   B - +1 falchion
rCold    . . .     Faith    .   (no shield)
rNeg     . . .     Spirit   .   a - +0 robe
rPois    .         Reflect  .   c - +2 hat
rElec    .         Harm     .   (no cloak)
rCorr    +         Rampage  .   k - +0 pair of gloves
MR       .....                  (no boots)
Stlth    ++........             (no amulet)
HPRegen  0.12/turn              o - +6 ring of intelligence
MPRegen  0.14/turn              w - ring of resist corrosion

@: no status effects
A: no striking features
a: no special abilities


You were on level 4 of the Dungeon.
You visited 1 branch of the dungeon, and saw 4 of its levels.

You collected 240 gold pieces.

Inventory:

Hand Weapons
 B - a +1 falchion (weapon)
Missiles
 f - 39 stones
 g - 39 poisoned darts
 q - 89 bolts
 s - 35 sling bullets
 A - 10 arrows
 C - 4 boomerangs
Armour
 a - a +0 robe (worn)
 c - a +2 hat (worn)
 k - a +0 pair of gloves (worn)
Jewellery
 o - a +6 ring of intelligence (left hand)
 w - a ring of resist corrosion (right hand)
Wands
 u - a wand of flame (34)
Scrolls
 i - 2 scrolls of enchant weapon
 j - a scroll of enchant armour {unknown}
 l - a scroll of fog
 m - a scroll of remove curse
 r - 2 scrolls of teleportation
 v - a scroll of blinking {unknown}
 z - a scroll of fear {unknown}
Potions
 d - a potion of lignification
 e - a potion of ambrosia
 h - 4 potions of brilliance
 n - a potion of invisibility {unknown}
 p - 2 potions of attraction
 t - a potion of degeneration
 x - 2 potions of might
 D - a potion of resistance {unknown}


   Skills:
 - Level 2.4 Dodging
 - Level 2.4 Stealth
 + Level 4.2 Spellcasting
 + Level 8.6 Conjurations
 + Level 2.8 Hexes


You had 6 spell levels left.
You knew the following spells:

 Your Spells              Type           Power        Failure   Level
a - Magic Dart            Conj           ####         1%          1
b - Dazzling Flash        Conj/Hex       #####.       1%          3
c - Fulminant Prism       Conj/Hex       #####.....   5%          4

Your spell library contained the following spells:

 Spells                   Type           Power        Failure   Level
 Searing Ray              Conj           ######       1%          2
 Iskenderun's Mystic Bla  Conj/Tloc      ####....     10%         4


Dungeon Overview and Level Annotations

Branches:
Dungeon (4/15)             Temple (0/1) D:4

Altars:

Annotations:
D:2 1 runed translucent door, Crazy Yiuf


Message History

An orc priest is nearby!
Casting: Magic Dart (safe; 1% risk of failure)
Confirm with . or Enter, or press ? or * to list all spells.
Aiming: Magic Dart (safe; 1% risk of failure)
Press: ? - help, Shift-Dir - straight line The magic dart hits the orc priest.
The orc priest is lightly wounded.
The orc priest shouts!
Casting: Magic Dart (safe; 1% risk of failure)
Confirm with . or Enter, or press ? or * to list all spells.
Aiming: Magic Dart (safe; 1% risk of failure)
Press: ? - help, Shift-Dir - straight line The magic dart hits the orc priest.
The orc priest is moderately wounded.
The orc priest invokes the aid of Beogh against you.
Beogh smites you!
* * * LOW HITPOINT WARNING * * *
The orc priest calls down the wrath of Beogh upon you.
Beogh smites you!
You die...

####[...........#.....##.
######...............#........
#....#...............#.....###
###.#.........############.....o
##...#.........# ****#######
.....#.........### ***≈≈≈≈≈**
##...#.#.......#.# *≈≈≈≈≈≈≈≈***
#...#.#.......#.#*****≈≈≈≈≈≈≈≈**
##...#.##......#@#,,,,***≈******,
...............#o#,,,,,,***,,,,,,
##...#.###.......#****,,,,,,,,,,*
#...#.....####### ***,,,******
#...#..#### ***** *≈≈
*#####8.8#****** ***
,,,,.......,,,,* *******
,,.○.........,,* *,,,,,,
....°.......°..* *,,,,,,


You could see an orc priest.

Vanquished Creatures
  An ogre (D:4)
  A hound (D:4)
  2 orc priests
  2 orc wizards (D:4)
  Natasha (thrice) (D:2)
  2 worker ants
  6 adders
  An ooze (D:1)
  3 worms (D:3)
  11 dart slugs
  4 leopard geckos
  16 orcs
  9 bats
  3 giant cockroaches
  8 goblins
  6 hobgoblins
  12 jackals
  3 ball pythons
  3 frilled lizards
  8 kobolds
  7 rats
111 creatures vanquished.

Notes
Turn   | Place    | Note
-------+----------+-------------------------------------------
     0 | D:1      | Descartes the Deep Elf Conjurer began the quest for the
                  | Orb.
     0 | D:1      | Reached XP level 1. HP: 10/10 MP: 6/6
   148 | D:1      | Reached XP level 2. HP: 15/15 MP: 4/8
   223 | D:1      | Reached skill level 5 in Conjurations
   755 | D:1      | Reached XP level 3. HP: 19/19 MP: 2/9
  1590 | D:2      | Reached skill level 6 in Conjurations
  1765 | D:2      | Reached XP level 4. HP: 24/24 MP: 5/10
  2082 | D:2      | Noticed Natasha
  2088 | D:2      | Killed Natasha
  2157 | D:2      | Noticed Natasha
  2164 | D:2      | Killed Natasha
  2165 | D:2      | Reached skill level 7 in Conjurations
  2165 | D:2      | Reached XP level 5. HP: 18/28 MP: 5/11
  2303 | D:2      | Noticed Natasha
  2307 | D:2      | Killed Natasha
  2447 | D:2      | Found a runed translucent door.
  2448 | D:2      | Noticed Crazy Yiuf
  2612 | D:2      | Learned a level 3 spell: Dazzling Flash
  3263 | D:3      | Reached skill level 8 in Conjurations
  3264 | D:3      | Reached XP level 6. HP: 32/32 MP: 5/12
  3442 | D:3      | Found a faded altar of an unknown god.
  4208 | D:3      | Learned a level 4 spell: Fulminant Prism
  4318 | D:4      | Reached skill level 1 in Hexes
  4666 | D:4      | Reached XP level 7. HP: 33/36 MP: 5/15
  4885 | D:4      | Killed from afar by an orc priest

Illustrated notes

Levels and vault maps discovered:
D:1:      evilmike_arrival_fibonacci_small, layout_loops_corners
D:2:      layout_rooms, uniq_natasha, uniq_crazy_yiuf_cottage
D:3:      kennysheep_slugbush, layout_basic, chequers_ecumenical_altar_grove,
          st_stairs_12
D:4:      cheibrodos_thug_alley, layout_basic, lemuel_temple_firewalk_b,
          st_stairs_1, minmay_misc_feat_x, minmay_misc_feat_tiny,
          minmay_joined_circles

Skill      XL: |  1  2  3  4  5  6 |
---------------+-------------------+-----
Conjurations   | 5 6 7 8 |  8.6
Hexes          | 2 |  2.8
Spellcasting   | 4 |  4.2
Dodging        | |  2.4
Stealth        | |  2.4

Action                   |  1- 3 |  4- 6 |  7- 9 || total
-------------------------+-------+-------+-------++-------
 Cast: Magic Dart        |    89 |   192 |    15 ||   296
  Use: Scroll            |       |    11 |       ||    11
Armor: Robe              |     3 |     4 |     2 ||     9
Dodge: Dodged            |     8 |    19 |    15 ||    42
       Rpst.: Falchion   |       |     4 |     3 ||     7

Table legend: (Time is in decaauts)
 A = Elapsed time spent in this place.
 B = Non-inter-level travel time spent in this place.
 C = Inter-level travel time spent in this place.
 D = Time resting spent in this place.
 E = Time spent auto-exploring this place.
 F = Levels seen in this place.
 G = Mean time per level.
                   A        B        C        D        E       F      G
               +--------+--------+--------+--------+--------+-----+--------+
         Total |   4894 |   4792 |    102 |     62 |   4021 |   4 | 1223.5 |
       Dungeon |   4894 |   4792 |    102 |     62 |   4021 |   4 | 1223.5 |
               +--------+--------+--------+--------+--------+-----+--------+

Top non-repeatable levels by time:
     D:1: 1499 daAuts
     D:3: 1492 daAuts
     D:2: 1246 daAuts
     D:4: 655 daAuts
